Map: Ulrena

Players

HyuN

  • Race: Zerg Zerg

PtitDrogo - Winner!

  • Race: Protoss Protoss
  • League: Master

Event: Homestory Cup XII

VOD

Have the link to the VOD?

Description

Time

  • Played on: Dec. 19, 2015, 3:28 p.m.
  • Length: 14:12

All games in this series

Show
View Real Time Build Order
Export as new Build Order

HyuN Zerg 

Build Orders: Hatch First 

Get SALT Encoding   

  12  0:00  Drone  
  13  0:12  Overlord  
  13  0:17  Drone  
  14  0:31  Drone  
  14  0:32  Drone  
  14  0:34  Drone  
  17  0:53  Hatchery  
  17  0:55  Drone  
  17  0:58  Drone  
  18  1:09  Extractor  
  17  1:14  Spawning Pool  
  17  1:17  Drone  
  17  1:20  Drone  
  18  1:28  Drone  
  19  1:38  Overlord  
  19  1:51  Drone  
  20  2:01  Queen  
  20  2:02  Zergling x2  
  20  2:04  Queen  
  20  2:05  Zergling x2  
  26  2:09  Metabolic Boost  
  26  2:13  Zergling x2  
  27  2:16  Zergling x2  
  28  2:26  Zergling x2  
  28  2:29  Zergling x2  
  30  2:36  Overlord  
  30  2:37  Queen  
  32  2:47  Drone  
  32  2:49  Drone  
  32  2:50  Drone  
  34  2:54  Drone  
  35  2:58  Drone  
  35  3:05  Hatchery, Drone  
  35  3:09  Drone x2  
  35  3:12  Drone  
  39  3:16  Overlord  
  39  3:19  Drone  
  40  3:21  Drone  
  40  3:24  Drone  
  40  3:25  Drone  
  43  3:33  Drone  
  43  3:36  Drone  
  43  3:38  Drone  
  43  3:43  Drone x3  
  43  3:46  Spore Crawler, Queen  
  45  3:55  Drone x3  
  47  3:59  Spore Crawler  
  42  4:11  Overlord  
  42  4:12  Drone x3  
  42  4:15  Drone  
  42  4:16  Roach Warren  
  45  4:17  Drone  
  45  4:18  Drone  
  45  4:20  Drone  
  45  4:22  Drone  
  49  4:27  Drone x2  
  49  4:28  Drone  
  52  4:32  Extractor  
  52  4:35  Zergling x6  
  54  4:41  Zergling x4  
  56  4:45  Overlord  
  56  4:46  Overlord  
  56  4:50  Zergling x8  
  60  4:56  Zergling x8  
  52  5:07  Roach  
  52  5:08  Roach x3  
  56  5:21  Roach x3  
  57  5:32  Drone  
  57  5:33  Drone x5  
  63  5:37  Drone x3  
  63  5:40  Drone  
  67  5:44  Drone  
  67  5:45  Drone  
  67  5:46  Drone  
  70  5:50  Extractor  
  70  5:56  Drone x4  
  73  6:00  Lair  
  73  6:01  Extractor  
  72  6:09  Overlord  
  72  6:10  Overlord x3  
  72  6:28  Overlord x2  
  72  6:29  Drone x2  
  72  6:30  Drone x2  
  72  6:31  Drone x2  
  72  6:32  Queen x2  
  82  6:42  Overlord x2  
  82  6:43  Overlord  
  82  6:44  Roach  
  84  6:53  Roach  
  84  6:54  Roach x4  
  94  7:01  Overlord x2  
  94  7:02  Glial Reconstitution  
  94  7:04  Roach x2  
  98  7:10  Overlord  
  98  7:11  Overlord  
  98  7:16  Overlord  
  98  7:23  Ravager x4  
  98  7:24  Ravager x2  
  98  7:26  Spore Crawler  
  98  7:28  Roach x4  
  111  7:34  Roach x3  
  117  7:42  Zergling x2  
  117  7:43  Zergling x12  
  124  7:47  Zergling x8  
  124  7:50  Zergling x12  
  134  7:53  Overseer  
  134  7:57  Roach  
  134  7:58  Roach  
  138  8:04  Roach  
  140  8:08  Ravager x3  
  138  8:13  Zergling x2  
  138  8:14  Zergling x4  
  127  8:23  Zergling x18  
  128  8:37  Zergling x6  
  119  8:43  Overseer, Queen x2  
  119  8:45  Zergling x12  
  112  8:50  Zergling x2  
  97  8:56  Roach x2  
  96  9:04  Roach x2  
  96  9:08  Roach  
  101  9:11  Roach  
  101  9:12  Roach  
  101  9:14  Roach x2  
  99  9:17  Roach  
  99  9:19  Roach  
  99  9:21  Roach  
  99  9:22  Queen x3  
  101  9:26  Roach  
  101  9:30  Ravager x3  
  106  9:32  Roach x2  
  110  9:42  Roach x2  
  114  9:46  Ravager  
  114  9:47  Hatchery, Ravager  
  115  9:54  Ravager x4  
  115  9:58  Queen x3  
  125  10:01  Roach x3  
  125  10:02  Zergling x2  
  125  10:03  Zergling x14  
  139  10:08  Zergling x2  
  139  10:12  Zergling x4  
  144  10:14  Ravager x2  
  144  10:15  Zergling x2  
  145  10:27  Zergling x6  
  148  10:34  Overlord x2  
  148  10:37  Queen x3  
  148  10:39  Roach x7  
  131  10:55  Roach x4  
  112  11:02  Roach x3  
  112  11:03  Roach  
  108  11:06  Ravager x2, Roach  
  108  11:07  Roach  
  108  11:08  Zergling x12  
  120  11:16  Roach  
  120  11:17  Roach x3  
  128  11:22  Drone x3  
  116  11:38  Roach x7  
  113  11:42  Roach  
  113  11:45  Roach  
  113  11:46  Roach x2  
  120  11:52  Roach x3  
  115  12:04  Roach x5  
  113  12:18  Roach x5  
  109  12:25  Roach  
  109  12:26  Roach x3  
  70  12:41  Drone x2  
  70  12:43  Drone x3  
  70  12:44  Drone x2  
  77  12:45  Queen  
  79  12:54  Ravager  
  79  12:56  Ravager x3  
  83  12:59  Roach  
  83  13:00  Queen  
  83  13:03  Queen  
  89  13:17  Roach x5  
  89  13:19  Drone  
  100  13:20  Drone  
  103  13:49  Drone x2  
  103  13:54  Extractor  
Show
View Real Time Build Order
Export as new Build Order

PtitDrogo Protoss - Winner!

Build Orders: Oracle Opening 

Get SALT Encoding   

  12  0:01  Probe (Chrono Boost)  
  13  0:11  Probe (Chrono Boost)  
  14  0:18  Pylon  
  14  0:22  Probe (Chrono Boost)  
  15  0:36  Probe (Chrono Boost)  
  15  0:37  Gateway  
  16  0:44  Assimilator  
  16  0:46  Probe (Chrono Boost)  
  18  0:57  Probe (Chrono Boost)  
  18  1:01  Gateway  
  18  1:07  Probe (Chrono Boost)  
  18  1:11  Assimilator  
  19  1:18  Probe (Chrono Boost)  
  20  1:24  Cybernetics Core  
  20  1:28  Probe (Chrono Boost)  
  21  1:36  Pylon  
  21  1:39  Probe (Chrono Boost)  
  22  1:50  Probe (Chrono Boost)  
  23  2:00  Probe (Chrono Boost), Adept x2  
  23  2:01  Warp Gate  
  28  2:11  Probe (Chrono Boost)  
  29  2:17  Pylon  
  29  2:21  Probe (Chrono Boost)  
  29  2:22  Stargate  
  30  2:32  Probe (Chrono Boost)  
  31  2:43  Mothership Core (Chrono Boost)  
  33  2:56  Pylon  
  33  3:01  Probe (Chrono Boost)  
  34  3:06  Nexus  
  34  3:11  Oracle (Chrono Boost)  
  37  3:15  Probe  
  38  3:21  Adept  
  38  3:27  Adept  
  42  3:29  Probe  
  43  3:47  Oracle (Chrono Boost)  
  43  3:48  Probe  
  47  4:15  Gateway  
  47  4:17  Probe  
  47  4:18  Probe, Adept x2  
  47  4:21  Pylon  
  53  4:28  Probe  
  53  4:29  Probe  
  55  4:38  Adept  
  55  4:39  Probe, Adept  
  55  4:42  Probe  
  61  4:47  Pylon  
  61  4:49  Probe  
  61  4:52  Void Ray (Chrono Boost)  
  66  4:54  Probe  
  67  5:07  Probe  
  67  5:10  Probe  
  69  5:19  Probe  
  69  5:21  Probe  
  63  5:29  Nexus  
  63  5:31  Probe x2  
  63  5:35  Assimilator x2  
  63  5:37  Robotics Facility  
  63  5:42  Sentry x2, Probe  
  67  5:43  Probe  
  67  5:45  Sentry  
  71  5:51  Pylon  
  71  5:52  Probe, Pylon  
  71  5:55  Probe  
  73  6:00  Forge  
  73  6:03  Probe  
  73  6:07  Adept x2  
  73  6:09  Probe  
  79  6:13  Probe  
  80  6:21  Probe  
  81  6:25  Probe  
  81  6:26  Observer (Chrono Boost)  
  81  6:29  Protoss Ground Weapons Level 1 (Chrono Boost)  
  83  6:33  Twilight Council, Probe  
  83  6:34  Zealot x3  
  83  6:37  Probe, Pylon  
  91  6:40  Immortal  
  91  6:42  Probe  
  91  6:45  Probe  
  97  6:49  Probe  
  97  6:52  Probe  
  97  6:53  Gateway  
  98  6:56  Gateway  
  98  7:01  Assimilator  
  99  7:02  Probe, Assimilator  
  99  7:04  Pylon  
  100  7:12  Probe  
  100  7:15  Immortal  
  101  7:20  Charge (Chrono Boost)  
  101  7:22  Probe  
  106  7:27  Gateway  
  106  7:31  Gateway  
  106  7:32  Gateway  
  106  7:34  Gateway  
  106  7:35  Zealot x3  
  112  7:38  Templar Archives  
  112  7:40  Probe x2  
  114  7:54  Pylon  
  114  7:56  Pylon  
  114  7:58  Immortal, Pylon  
  118  8:06  Zealot x3  
  120  8:24  High Templar x2  
  120  8:27  High Templar x3  
  115  8:31  Archon  
  115  8:32  High Templar  
  115  8:33  Zealot x3  
  117  8:38  Archon  
  117  8:39  Archon  
  107  8:43  Immortal  
  91  8:55  Zealot x3  
  89  8:57  Zealot x2  
  89  8:59  Mothership Core  
  89  9:01  Zealot x3  
  90  9:04  Probe  
  90  9:06  Zealot  
  82  9:11  Probe  
  82  9:16  Probe, Zealot x3  
  79  9:18  Immortal, Zealot x2  
  79  9:20  Probe  
  78  9:31  High Templar x4  
  83  9:33  Probe  
  83  9:36  Archon  
  83  9:37  Archon  
  87  9:40  Protoss Ground Weapons Level 2  
  87  9:41  Zealot x3  
  93  9:47  Pylon  
  93  9:49  High Templar x2  
  97  9:53  Archon  
  97  10:02  Zealot x2  
  97  10:07  Zealot x2  
  105  10:10  Zealot  
  107  10:22  High Templar x2  
  107  10:23  Zealot  
  107  10:24  Zealot x2  
  107  10:28  Archon  
  117  10:33  Zealot x3  
  123  10:41  Zealot  
  125  10:47  Zealot  
  115  10:52  Zealot x2  
  115  10:54  Zealot x3  
  111  11:00  High Templar x2  
  107  11:06  Archon  
  107  11:10  High Templar x2  
  111  11:15  High Templar x2  
  111  11:16  Archon  
  115  11:18  Nexus  
  115  11:21  Pylon  
  115  11:23  Zealot  
  115  11:24  Archon  
  112  11:34  Zealot x4  
  110  11:48  Zealot x5  
  110  11:50  Warp Prism  
  108  12:09  High Templar  
  108  12:10  High Templar x3  
  108  12:11  High Templar x2  
  114  12:16  Archon x2  
  98  12:41  Probe x2  
  98  12:44  Archon  
  98  12:45  High Templar x4  
  98  12:46  Zealot x5  
  98  12:48  Photon Cannon  
  98  12:49  Archon x2  
  114  12:58  Immortal  
  114  12:59  Probe  
  114  13:00  Probe x2  
  121  13:07  Zealot x5  
  131  13:13  Photon Cannon  
  129  13:20  Zealot x3  
  129  13:22  Zealot  
  137  13:30  High Templar x4  
  137  13:33  Pylon  
  145  13:34  Pylon, Archon x2  
  145  13:52  Zealot x5  
Tags
 
Add a new tag
Caveats
  • Supply blocks, unpowered buildings, or Contaminate may cause inaccurate times.
  • Supply counts are checked every 10 seconds.